 Dungeon Crawl Stone Soup version 0.32-a0-768-g0f6f1dd4b9 (webtiles) character file.

Game seed: 1249743374856480855

79 smashvw the Chopper (level 4, -3/41 HPs)
             Began as a Gnoll Cinder Acolyte on Mar 19, 2024.
             Was a High Priest of Ignis.
             Slain by an orc
             ... wielding a +0 mace
              (6 damage)
             ... on level 2 of the Dungeon.
             The game lasted 00:04:40 (1921 turns).

smashvw the Chopper (Gnoll Cinder Acolyte)          Turns: 1921, Time: 00:04:41

Health: -3/41      AC:  2    Str: 13    XL:     4   Next: 38%
Magic:  8/8        EV: 10    Int: 14    God:    Ignis [*****.]
Gold:   96         SH:  3    Dex:  9    Spells: 9/9 levels left

rFire   + . .        a - -1 hand axe (flame)
rCold   . . .        f - +0 buckler
rNeg    . . .        b - +0 robe
rPois   .            (no helmet)
rElec   .            (no cloak)
rCorr   .            (no gloves)
SInv    .            (no boots)
Will    .....        (no amulet)
Stlth   +            (no ring)
HPRegen 0.26/turn    (no ring)
MPRegen 0.11/turn

%: no passive effects
@: no status effects
A: fangs 1, strong nose, distributed training
a: Renounce Religion, Fiery Armour, Foxfire Swarm, Rising Flame


You were on level 2 of the Dungeon.
You worshipped Ignis.
Ignis was extremely pleased with you.
You visited 1 branch of the dungeon, and saw 3 of its levels.

You collected 96 gold pieces.

Inventory:

Hand Weapons
 a - a -1 hand axe of flaming (weapon)
Missiles
 d - 5 poisoned darts (quivered)
 l - 10 stones
Armour
 b - a +0 robe (worn)
 f - a +0 buckler (worn)
Jewellery
 j - a ring of fire
Scrolls
 c - 2 scrolls of teleportation {unknown}
 e - 2 scrolls of vulnerability {unknown}
 h - a scroll of revelation {unknown}
 i - 2 scrolls of fear {unknown}
 m - a scroll of blinking {unknown}
 n - a scroll of brand weapon {unknown}
 o - a scroll of fog {unknown}
Potions
 g - a potion of degeneration {unknown}
 k - a potion of resistance {unknown}


   Skills:
 + Level 6.6 Fighting
 + Level 1.2 Short Blades
 + Level 1.2 Long Blades
 + Level 6.6 Axes
 + Level 1.2 Maces & Flails
 + Level 1.2 Polearms
 + Level 1.2 Staves
 + Level 1.2 Ranged Weapons
 + Level 1.2 Throwing
 + Level 1.2 Armour
 + Level 1.2 Dodging
 + Level 1.2 Stealth
 + Level 1.2 Shields
 + Level 1.2 Unarmed Combat
 + Level 3.0 Spellcasting
 + Level 1.0 Conjurations
 + Level 1.0 Hexes
 + Level 1.0 Summonings
 + Level 1.0 Necromancy
 + Level 1.0 Translocations
 + Level 5.5 Fire Magic
 + Level 1.0 Ice Magic
 + Level 1.0 Air Magic
 + Level 1.0 Earth Magic
 + Level 1.0 Alchemy
 + Level 1.3 Invocations
 + Level 1.2 Evocations
 + Level 1.1 Shapeshifting


You had 9 spell levels left.
You didn't know any spells.
Your spell library contained the following spells:

 Spells                   Type           Power      Damage    Failure   Level
 Scorch                   Fire           34%        2d6       4%          2
 Slow                     Hex            16%        N/A       21%         1
 Confusing Touch          Hex            4%         N/A       52%         3
 Vampiric Draining        Necr           4%         2d6       52%         3


Dungeon Overview and Level Annotations

Branches:
Dungeon (3/15)

Altars:

Shops:
D:1 :


Innate Abilities, Weirdness & Mutations

You have very sharp teeth.
Your uncanny sense of smell can sniff out nearby items.
Your experience applies equally to all skills.


Message History

You hit the orc but do no damage. Your bite misses the orc.
You hit the orc but do no damage. x2; You closely miss something.
The orc hits you with a +0 mace. You block the orc's attack.
Something hits you. The orc closely misses you.
You hit the orc but do no damage. You hit something. You burn something.
You hit the orc. You burn the orc. You hit the orc. You burn the orc.
You block the orc's attack.
A rat comes into view.
The orc closely misses you. The orc hits you with a +0 club.
Something completely misses you.
You are too injured to fight recklessly!
You are too injured to fight recklessly!
There is a stone staircase leading up here.
The orc hits you with a +0 mace.
You climb upwards.
Reactivating autopickup.
There is a stone staircase leading down here.
You hit the orc but do no damage.
The orc is heavily wounded.
You hit the orc but do no damage. The orc hits you with a +0 flail!
* * * LOW HITPOINT WARNING * * *
The orc hits you with a +0 mace.
* * * LOW HITPOINT WARNING * * *
You hit the orc. You burn the orc.
You kill the orc!
You hit the orc but do no damage. The orc closely misses you.
Your Conjurations skill increases to level 1!
Your Hexes skill increases to level 1!
Your Summonings skill increases to level 1!
Your Necromancy skill increases to level 1!
Your Translocations skill increases to level 1!
Your Ice Magic skill increases to level 1!
Your Air Magic skill increases to level 1!
Your Earth Magic skill increases to level 1!
Your Alchemy skill increases to level 1!
You barely miss the orc. You bite the orc, but do no damage.
The orc is moderately wounded.
The orc hits you with a +0 mace.
You die...
Ignis goes out, and joins you in death.

#...............#
#.####.#
##.############.# #.#
#.# #.##..)....# #.#
#.# #.#
#....#####.###.# #.#
#.# #######......#.#
#.# #.# ###.#
#.##.#.#.# #.# #..
#...# #......#.# #.#
### #.#.#
###)####.####.####..
#.#.#
#@o...)........+..
#.#.#
#)÷.#######.####..
#.#.# #.#..######.#
#..
#.#.#####.##....#...#
#..
##.#...[...#####...###
#..
#.....†............#
###..
###############.##.#
#.... #...# #.##.#
#.... #.#.# #.##.#
#....


You could see an orc.

Vanquished Creatures
  An adder (D:2)
  4 dart slugs
  2 orcs
  4 bats
  9 endoplasms
  4 goblins
  6 hobgoblins
  2 quokkas (D:1)
  8 ball pythons
  6 frilled lizards
  8 kobolds
  5 rats
59 creatures vanquished.

Notes
Turn   | Place    | Note
-------+----------+-------------------------------------------
     0 | D:1      | smashvw the Gnoll Cinder Acolyte began the quest for the
                  | Orb.
     0 | D:1      | Reached XP level 1. HP: 23/23 MP: 4/4
   184 | D:1      | Reached XP level 2. HP: 15/29 MP: 5/5
   192 | D:1      | Found Wuunt's Vocational Training.
   524 | D:1      | Reached XP level 3. HP: 35/35 MP: 7/7
   566 | D:1      | Reached skill level 1 in Invocations
   936 | D:2      | Reached skill level 1 in Short Blades
   936 | D:2      | Reached skill level 1 in Long Blades
   936 | D:2      | Reached skill level 1 in Maces & Flails
   936 | D:2      | Reached skill level 1 in Polearms
   936 | D:2      | Reached skill level 1 in Staves
   936 | D:2      | Reached skill level 1 in Ranged Weapons
   936 | D:2      | Reached skill level 1 in Throwing
   936 | D:2      | Reached skill level 1 in Armour
   936 | D:2      | Reached skill level 1 in Dodging
   936 | D:2      | Reached skill level 1 in Stealth
   936 | D:2      | Reached skill level 1 in Shields
   936 | D:2      | Reached skill level 1 in Unarmed Combat
   936 | D:2      | Reached skill level 1 in Evocations
  1216 | D:2      | Reached skill level 1 in Shapeshifting
  1216 | D:2      | Reached XP level 4. HP: 41/41 MP: 8/8
  1919 | D:2      | HP: 2/41 [orc/+0 mace (4)]
  1921 | D:2      | Reached skill level 1 in Conjurations
  1921 | D:2      | Reached skill level 1 in Hexes
  1921 | D:2      | Reached skill level 1 in Summonings
  1921 | D:2      | Reached skill level 1 in Necromancy
  1921 | D:2      | Reached skill level 1 in Translocations
  1921 | D:2      | Reached skill level 1 in Ice Magic
  1921 | D:2      | Reached skill level 1 in Air Magic
  1921 | D:2      | Reached skill level 1 in Earth Magic
  1921 | D:2      | Reached skill level 1 in Alchemy
  1921 | D:2      | Slain by an orc

Illustrated notes

Levels and vault maps discovered:
D:1:      tarquinn_simple_flora_water_b, layout_rooms, kennysheep_flooded_box,
          nicolae_shop_vocational
D:2:      layout_basic, minmay_fountain_box
D:3:      layout_basic

Skill      XL: |  1  2  3  4 |
---------------+-------------+-----
Invocations    | 1 |  1.3
Short Blades   | 1 |  1.2
Long Blades    | 1 |  1.2
Maces & Flails | 1 |  1.2
Polearms       | 1 |  1.2
Staves         | 1 |  1.2
Ranged Weapons | 1 |  1.2
Throwing       | 1 |  1.2
Armour         | 1 |  1.2
Dodging        | 1 |  1.2
Stealth        | 1 |  1.2
Shields        | 1 |  1.2
Unarmed Combat | 1 |  1.2
Evocations     | 1 |  1.2
Shapeshifting  | 1 |  1.1
Spellcasting   | 3 |  3.0
Conjurations   | 1 |  1.0
Hexes          | 1 |  1.0
Summonings     | 1 |  1.0
Necromancy     | 1 |  1.0
Translocations | 1 |  1.0
Ice Magic      | 1 |  1.0
Air Magic      | 1 |  1.0
Earth Magic    | 1 |  1.0
Alchemy        | 1 |  1.0
Fighting       | |  6.6
Axes           | |  6.6
Fire Magic     | |  5.5

Action                     |  1- 3 |  4- 6 || total
---------------------------+-------+-------++-------
  Melee: Hand axe          |    99 |    37 ||   136
         Bite              |     4 |     6 ||    10
   Stab: Sleeping          |     1 |       ||     1
 Armour: Robe              |    51 |    31 ||    82
  Dodge: Dodged            |    41 |    12 ||    53
  Block: Buckler           |     7 |     9 ||    16

Table legend: (Time is in decaauts)
 A = Elapsed time spent in this place.
 B = Non-inter-level travel time spent in this place.
 C = Inter-level travel time spent in this place.
 D = Time resting spent in this place.
 E = Time spent auto-exploring this place.
 F = Levels seen in this place.
 G = Mean time per level.
                   A        B        C        D        E       F      G
               +--------+--------+--------+--------+--------+-----+--------+
         Total |   1921 |   1839 |     82 |      0 |   1517 |   3 |  640.3 |
       Dungeon |   1921 |   1839 |     82 |      0 |   1517 |   3 |  640.3 |
               +--------+--------+--------+--------+--------+-----+--------+

Top non-repeatable levels by time:
     D:2: 1112 daAuts
     D:1: 801 daAuts
     D:3: 7 daAuts
